TOP OF THE 1ST |
Cincinnati Bearcats batting - Pitching for Texas Tech Red Raiders : RHP Jacob Page
|
Pitching: RHP Jacob Page
|
|
Batting: RHB Phil Poole
|
0-0: Ground out 5-3 (Groundball, 56S)
|
Batting: RHB Ed Fuhrman
|
0-0: SINGLE (Line Drive, 56D)
|
Batting: RHB Henry Haines
|
0-0: Ball 1-0: Foul Ball, location: 2F 1-1: Foul Ball, location: 2F 1-2: Foul Ball, location: 2F 1-2: DOUBLE (Line Drive, 78D) Ed Fuhrman to third
|
Batting: SHB Miguel Price
|
0-0: Foul Ball, location: 2F 0-1: Ball 1-1: Ball 2-1: SINGLE (Groundball, 34) (infield hit) Ed Fuhrman scores Henry Haines to third
|
Batting: RHB Dave Richards
|
0-0: Called Strike Miguel Price steals 2nd base 0-1: Ground out 6-3 (Groundball, 6) Henry Haines scores Miguel Price to third
|
Batting: RHB Peter Jones
|
0-0: Called Strike 0-1: Foul Ball, location: 2F 0-2: Foul Ball, location: 2F 0-2: Fly out, F9 (Flyball, 9)
|
Top of the 1st over - 2 run(s), 3 hit(s), 0 error(s), 1 left on base; Cincinnati 2 - Texas Tech 0 |
BOTTOM OF THE 1ST |
Texas Tech Red Raiders batting - Pitching for Cincinnati Bearcats : RHP Stan Roberts
|
Pitching: RHP Stan Roberts
|
|
Batting: RHB Cameron Irwin
|
0-0: Called Strike 0-1: Ground out 1-3 (Groundball, 15S)
|
Batting: LHB Terry Neal
|
0-0: Ball 1-0: Ball 2-0: Ball 3-0: Base on Balls
|
Batting: RHB Gilberto Bautista
|
0-0: SINGLE (Line Drive, 3) Terry Neal to second
|
Batting: LHB Arthur Guzmán
|
0-0: Ball 1-0: Ball 2-0: Called Strike 2-1: Ground out 2-3 (Groundball, 13S) Terry Neal to third Gilberto Bautista to second
|
Batting: RHB Eliot James
|
0-0: Ball 1-0: Called Strike 1-1: Fly out, F8 (Flyball, 8RM)
|
Bottom of the 1st over - 0 run(s), 1 hit(s), 0 error(s), 2 left on base; Cincinnati 2 - Texas Tech 0 |
TOP OF THE 2ND |
Cincinnati Bearcats batting - Pitching for Texas Tech Red Raiders : RHP Jacob Page
|
Batting: RHB Dave Sawyer
|
0-0: Bunt for hit - play at first, batter OUT! 1-3
|
Batting: SHB Troy Abreu
|
0-0: Ball 1-0: Called Strike 1-1: Ball 2-1: Foul Ball, location: 2F 2-2: Strikes out swinging
|
Batting: RHB Larry O'Sheill
|
0-0: SINGLE (Groundball, 34D)
|
Batting: RHB Phil Poole
|
0-0: Ball 1-0: Ball 2-0: Called Strike 2-1: Called Strike 2-2: Ball 3-2: Base on Balls Larry O'Sheill to second
|
Batting: RHB Ed Fuhrman
|
0-0: Called Strike 0-1: Ball 1-1: Foul Ball, location: 2F 1-2: Strikes out swinging
|
Top of the 2nd over - 0 run(s), 1 hit(s), 0 error(s), 2 left on base; Cincinnati 2 - Texas Tech 0 |
BOTTOM OF THE 2ND |
Texas Tech Red Raiders batting - Pitching for Cincinnati Bearcats : RHP Stan Roberts
|
Batting: RHB David Walker
|
0-0: Called Strike 0-1: Ball 1-1: Foul Ball, location: 2F 1-2: Ball 2-2: Foul Ball, location: 2F 2-2: Foul Ball, location: 2F 2-2: Strikes out swinging
|
Batting: RHB Josh Bergman
|
0-0: Ball 1-0: SINGLE (Groundball, 6D)
|
Batting: RHB Nick McIntyre
|
0-0: Ball 1-0: Ball 2-0: Called Strike 2-1: Foul Ball, location: 2F 2-2: Ball 3-2: Single, Error in OF, E9, batter to second base Josh Bergman to third
|
Batting: RHB Sam Lynch
|
0-0: Called Strike 0-1: Foul Ball, location: 2F 0-2: Strikes out looking
|
Batting: RHB Cameron Irwin
|
0-0: Ground out 6-3 (Groundball, 6)
|
Bottom of the 2nd over - 0 run(s), 2 hit(s), 1 error(s), 2 left on base; Cincinnati 2 - Texas Tech 0 |
TOP OF THE 3RD |
Cincinnati Bearcats batting - Pitching for Texas Tech Red Raiders : RHP Jacob Page
|
Batting: RHB Henry Haines
|
0-0: Ground out 1-3 (Groundball, 13S)
|
Batting: SHB Miguel Price
|
0-0: Ball 1-0: Ball 2-0: Ball 3-0: Called Strike 3-1: Base on Balls
|
Batting: RHB Dave Richards
|
0-0: Ball 1-0: Called Strike 1-1: Called Strike 1-2: Strikes out swinging
|
Batting: RHB Peter Jones
|
0-0: Ball Miguel Price steals 2nd base 1-0: Ball 2-0: Ball 3-0: Called Strike 3-1: SINGLE (Line Drive, 89S) Miguel Price to third Runner from 3rd tries for Home, SAFE, no throw
|
Batting: RHB Dave Sawyer
|
Pickoff Throw to First - Out!
|
Top of the 3rd over - 1 run(s), 1 hit(s), 0 error(s), 0 left on base; Cincinnati 3 - Texas Tech 0 |
BOTTOM OF THE 3RD |
Texas Tech Red Raiders batting - Pitching for Cincinnati Bearcats : RHP Stan Roberts
|
Batting: LHB Terry Neal
|
0-0: Ball 1-0: Called Strike 1-1: Foul Ball, location: 2F 1-2: Fly out, F9 (Flyball, 9LS)
|
Batting: RHB Gilberto Bautista
|
0-0: Called Strike 0-1: Ball 1-1: Called Strike 1-2: Ball 2-2: Ground out 1-3 (Groundball, P)
|
Batting: LHB Arthur Guzmán
|
0-0: Called Strike 0-1: Swinging Strike 0-2: Fly out, F8 (Flyball, 8LM)
|
Bottom of the 3rd over - 0 run(s), 0 hit(s), 0 error(s), 0 left on base; Cincinnati 3 - Texas Tech 0 |
TOP OF THE 4TH |
Cincinnati Bearcats batting - Pitching for Texas Tech Red Raiders : RHP Jacob Page
|
Batting: RHB Dave Sawyer
|
0-0: SINGLE (Line Drive, 7S)
|
Batting: SHB Troy Abreu
|
0-0: Ball 1-0: Called Strike 1-1: Foul Ball, location: 2F 1-2: SINGLE (Flyball, 7S) Dave Sawyer to second
|
Batting: RHB Larry O'Sheill
|
0-0: Ball 1-0: Called Strike 1-1: Ball 2-1: Called Strike 2-2: Ball 3-2: Strikes out swinging
|
Batting: RHB Phil Poole
|
0-0: Ball 1-0: Ball 2-0: SINGLE (Groundball, 6MD) Dave Sawyer to third Troy Abreu to second
|
Batting: RHB Ed Fuhrman
|
0-0: Ball 1-0: Reached on error, E3 (Groundball, 3) Dave Sawyer scores Troy Abreu to third Phil Poole to second
|
Batting: RHB Henry Haines
|
0-0: Foul Ball, location: 2F 0-1: Fly out, F8 (Flyball, 8LS) Runner from 3rd tags up, SCORES, no throw
|
Batting: SHB Miguel Price
|
0-0: Ball 1-0: Ball 2-0: Foul Ball, location: 2F 2-1: Called Strike 2-2: DOUBLE (Line Drive, 8RD) Phil Poole scores Ed Fuhrman to third
|
Batting: RHB Dave Richards
|
0-0: Called Strike 0-1: Ball Wild Pitch! Ed Fuhrman scores Miguel Price to third 1-1: Called Strike 1-2: Ball 2-2: Strikes out swinging
|
Top of the 4th over - 4 run(s), 4 hit(s), 1 error(s), 1 left on base; Cincinnati 7 - Texas Tech 0 |
BOTTOM OF THE 4TH |
Texas Tech Red Raiders batting - Pitching for Cincinnati Bearcats : RHP Stan Roberts
|
Batting: RHB Eliot James
|
0-0: Called Strike 0-1: Swinging Strike 0-2: Ball 1-2: Strikes out looking
|
Batting: RHB David Walker
|
0-0: Ball 1-0: Ball 2-0: Ball 3-0: Base on Balls
|
Batting: RHB Josh Bergman
|
0-0: Foul Ball, location: 2F 0-1: Swinging Strike 0-2: Foul Ball, location: 2F 0-2: Ball 1-2: Ball 2-2: Strikes out swinging
|
Batting: RHB Nick McIntyre
|
0-0: Called Strike 0-1: Called Strike 0-2: Ball 1-2: Ball 2-2: Ball 3-2: Foul Ball, location: 2F 3-2: Base on Balls David Walker to second
|
Batting: RHB Sam Lynch
|
0-0: Ball 1-0: Foul Ball, location: 2F 1-1: Foul Ball, location: 2F 1-2: Fly out, F7 (Line Drive, 78M)
|
Bottom of the 4th over - 0 run(s), 0 hit(s), 0 error(s), 2 left on base; Cincinnati 7 - Texas Tech 0 |
TOP OF THE 5TH |
Cincinnati Bearcats batting - Pitching for Texas Tech Red Raiders : RHP Jacob Page
|
Pitching: RHP Rafael Cervantes
|
|
Batting: RHB Peter Jones
|
0-0: Ball 1-0: Swinging Strike 1-1: SINGLE (Line Drive, 89S)
|
Batting: RHB Dave Sawyer
|
0-0: Swinging Strike 0-1: Ball 1-1: Foul Ball, location: 2F 1-2: Foul Ball, location: 2F 1-2: Ball 2-2: Foul Ball, location: 2F 2-2: Grounds into double play, 5-4-3 (Groundball, 56)
|
Batting: SHB Troy Abreu
|
0-0: Foul Ball, location: 2F 0-1: Ground out 3-1 (Groundball, 34)
|
Top of the 5th over - 0 run(s), 1 hit(s), 0 error(s), 0 left on base; Cincinnati 7 - Texas Tech 0 |
BOTTOM OF THE 5TH |
Texas Tech Red Raiders batting - Pitching for Cincinnati Bearcats : RHP Stan Roberts
|
Batting: RHB Cameron Irwin
|
0-0: Reached on error, E6 (Groundball, 6)
|
Batting: LHB Terry Neal
|
0-0: Called Strike 0-1: Called Strike 0-2: Fly out, F7 (Flyball, 7LM)
|
Batting: RHB Gilberto Bautista
|
0-0: Called Strike 0-1: Fly out, F9 (Flyball, 9)
|
Batting: LHB Arthur Guzmán
|
0-0: SINGLE (Flyball, 5D) Cameron Irwin to second
|
Batting: RHB Eliot James
|
0-0: Ball 1-0: Ball 2-0: Called Strike 2-1: 3-RUN HOME RUN (Flyball, 7LD), Distance : 335 ft
|
Batting: RHB David Walker
|
0-0: Ball 1-0: Called Strike 1-1: Ball 2-1: Swinging Strike 2-2: Foul Ball, location: 2F 2-2: Strikes out swinging
|
Bottom of the 5th over - 3 run(s), 2 hit(s), 1 error(s), 0 left on base; Cincinnati 7 - Texas Tech 3 |
TOP OF THE 6TH |
Cincinnati Bearcats batting - Pitching for Texas Tech Red Raiders : RHP Rafael Cervantes
|
Batting: RHB Larry O'Sheill
|
0-0: SINGLE (Groundball, 34D)
|
Batting: RHB Phil Poole
|
0-0: Called Strike 0-1: Foul Ball, location: 2F 0-2: Foul Ball, location: 2F 0-2: Strikes out swinging
|
Batting: RHB Ed Fuhrman
|
0-0: Fly out, F8 (Flyball, 8LD)
|
Batting: RHB Henry Haines
|
0-0: Foul Ball, location: 2F 0-1: Swinging Strike 0-2: Foul Ball, location: 2F 0-2: Ball 1-2: Strikes out swinging
|
Top of the 6th over - 0 run(s), 1 hit(s), 0 error(s), 1 left on base; Cincinnati 7 - Texas Tech 3 |
BOTTOM OF THE 6TH |
Texas Tech Red Raiders batting - Pitching for Cincinnati Bearcats : RHP Stan Roberts
|
Pitching: RHP Cole Snelson
|
|
Batting: RHB Josh Bergman
|
0-0: Fly out, F9 (Flyball, 9)
|
Batting: RHB Nick McIntyre
|
0-0: Foul Ball, location: 2F 0-1: Foul Ball, location: 2F 0-2: Ball 1-2: Strikes out swinging
|
Batting: RHB Sam Lynch
|
0-0: Ball 1-0: Ball 2-0: Called Strike 2-1: Ball 3-1: Base on Balls
|
Batting: RHB Cameron Irwin
|
0-0: Called Strike 0-1: Ball 1-1: Ball 2-1: Foul Ball, location: 2F 2-2: SINGLE (Groundball, 56D) Sam Lynch to second
|
Batting: LHB Terry Neal
|
0-0: Ball 1-0: Ball 2-0: Called Strike 2-1: Foul Ball, location: 2F 2-2: Ball 3-2: Foul Ball, location: 2F 3-2: Reached on error, E4 (Groundball, 4) Sam Lynch scores Cameron Irwin to third
|
Batting: RHB Gilberto Bautista
|
0-0: Called Strike 0-1: Foul Ball, location: 2F 0-2: Foul Ball, location: 2F 0-2: Foul Ball, location: 2F 0-2: Fly out, F9 (Flyball, 9LS)
|
Bottom of the 6th over - 1 run(s), 1 hit(s), 1 error(s), 2 left on base; Cincinnati 7 - Texas Tech 4 |
TOP OF THE 7TH |
Cincinnati Bearcats batting - Pitching for Texas Tech Red Raiders : RHP Rafael Cervantes
|
Batting: SHB Miguel Price
|
0-0: Ball 1-0: Ground out 4-3 (Groundball, 34)
|
Batting: RHB Dave Richards
|
0-0: Ball 1-0: Swinging Strike 1-1: Ball 2-1: Swinging Strike 2-2: Strikes out looking
|
Pitching: RHP Jeff Smith
|
|
Batting: RHB Peter Jones
|
0-0: Called Strike 0-1: SINGLE (Groundball, 34D)
|
Batting: RHB Dave Sawyer
|
0-0: Called Strike 0-1: Swinging Strike 0-2: Ball 1-2: Ball 2-2: Strikes out swinging
|
Top of the 7th over - 0 run(s), 1 hit(s), 0 error(s), 1 left on base; Cincinnati 7 - Texas Tech 4 |
BOTTOM OF THE 7TH |
Texas Tech Red Raiders batting - Pitching for Cincinnati Bearcats : RHP Cole Snelson
|
Batting: LHB Arthur Guzmán
|
0-0: Swinging Strike 0-1: Ball 1-1: Swinging Strike 1-2: Strikes out swinging
|
Batting: RHB Eliot James
|
0-0: Ball 1-0: Foul Ball, location: 2F 1-1: Ball 2-1: Foul Ball, location: 2F 2-2: Foul Ball, location: 2F 2-2: Ball 3-2: Base on Balls
|
Batting: RHB David Walker
|
0-0: Ball 1-0: Ball 2-0: Ball 3-0: Called Strike 3-1: Base on Balls Eliot James to second
|
Batting: RHB Josh Bergman
|
0-0: SINGLE (Line Drive, 4D) Eliot James to third David Walker to second
|
Batting: RHB Nick McIntyre
|
0-0: Ball 1-0: Fly out, F9 (Flyball, 9LM) Runner from 3rd tags up, SCORES, throw made
|
Pinch Hitting: SHB Andrés Cruz
|
0-0: Called Strike 0-1: Fielders Choice at 2nd, 4-6 (Groundball, 34)
|
Bottom of the 7th over - 1 run(s), 1 hit(s), 0 error(s), 1 left on base; Cincinnati 7 - Texas Tech 5 |
TOP OF THE 8TH |
Cincinnati Bearcats batting - Pitching for Texas Tech Red Raiders : RHP Jeff Smith
|
Now at 2B: Andrés Cruz
|
|
Batting: SHB Troy Abreu
|
0-0: Ground out 4-3 (Groundball, 4)
|
Batting: RHB Larry O'Sheill
|
0-0: Called Strike 0-1: Ball 1-1: Swinging Strike 1-2: Strikes out swinging
|
Batting: RHB Phil Poole
|
0-0: Ball 1-0: Ball 2-0: Foul Ball, location: 2F 2-1: Called Strike 2-2: Ground out 5-3 (Groundball, 56)
|
Top of the 8th over - 0 run(s), 0 hit(s), 0 error(s), 0 left on base; Cincinnati 7 - Texas Tech 5 |
BOTTOM OF THE 8TH |
Texas Tech Red Raiders batting - Pitching for Cincinnati Bearcats : RHP Cole Snelson
|
Batting: RHB Cameron Irwin
|
0-0: Swinging Strike 0-1: Called Strike 0-2: Ball 1-2: Strikes out looking
|
Pitching: RHP Chris Horne
|
|
Batting: LHB Terry Neal
|
0-0: Called Strike 0-1: Ball 1-1: Ball 2-1: Ball 3-1: Called Strike 3-2: Foul Ball, location: 2F 3-2: Base on Balls
|
Pitching: RHP Rudy England
|
|
Batting: RHB Gilberto Bautista
|
0-0: Ball 1-0: Called Strike 1-1: Ball 2-1: Foul Ball, location: 2F 2-2: Foul Ball, location: 2F 2-2: Strikes out swinging
|
Pitching: LHP Oscar Trottier
|
|
Batting: LHB Arthur Guzmán
|
0-0: Ball 1-0: Foul Ball, location: 2F 1-1: Foul Ball, location: 2F 1-2: Ball 2-2: Fly out, F4 (Popup, 3D)
|
Bottom of the 8th over - 0 run(s), 0 hit(s), 0 error(s), 1 left on base; Cincinnati 7 - Texas Tech 5 |
TOP OF THE 9TH |
Cincinnati Bearcats batting - Pitching for Texas Tech Red Raiders : RHP Jeff Smith
|
Batting: RHB Ed Fuhrman
|
0-0: Called Strike 0-1: Fly out, F6 (Popup, 6D)
|
Batting: RHB Henry Haines
|
0-0: Ball 1-0: Ball 2-0: Ball 3-0: Called Strike 3-1: Foul Ball, location: 2F 3-2: Foul Ball, location: 2F 3-2: SINGLE (Groundball, 56D)
|
Batting: SHB Miguel Price
|
0-0: Swinging Strike 0-1: Called Strike 0-2: Strikes out swinging
|
Batting: RHB Dave Richards
|
0-0: Foul Ball, location: 2F 0-1: Ball 1-1: Called Strike 1-2: Ball 2-2: Foul Ball, location: 2F 2-2: Ball 3-2: Foul Ball, location: 2F 3-2: Ground out 5-3 (Groundball, 5S)
|
Top of the 9th over - 0 run(s), 1 hit(s), 0 error(s), 1 left on base; Cincinnati 7 - Texas Tech 5 |
BOTTOM OF THE 9TH |
Texas Tech Red Raiders batting - Pitching for Cincinnati Bearcats : LHP Oscar Trottier
|
Pitching: RHP George Gallagher
|
|
Batting: RHB Eliot James
|
0-0: Ball 1-0: Called Strike 1-1: Ball 2-1: Swinging Strike 2-2: Hit by Pitch
|
Pinch Hitting: RHB Ángel Herrera
|
0-0: Ball 1-0: Swinging Strike 1-1: Grounds into double play, 6-4-3 (Groundball, 6)
|
Batting: RHB Josh Bergman
|
0-0: Foul Ball, location: 2F 0-1: Ball 1-1: Called Strike 1-2: Foul Ball, location: 2F 1-2: Ground out 6-3 (Groundball, 6)
|
Bottom of the 9th over - 0 run(s), 0 hit(s), 0 error(s), 0 left on base; Cincinnati 7 - Texas Tech 5 |
|